 Dungeon Crawl Stone Soup version 0.17.2-1-ge4368a0 (webtiles) character file.

276 Goblin1989 the Ruffian (level 6, -2/47 HPs)
             Began as a Demonspawn Hunter on Nov 4, 2016.
             Was an Initiate of Qazlal.
             Slain by Menkaure (5 damage)
             ... on level 5 of the Dungeon.
             The game lasted 00:14:22 (4013 turns).

Goblin1989 the Ruffian (Demonspawn Hunter)          Turns: 4013, Time: 00:14:22

Health: -2/47      AC: 10    Str: 15    XL:     6   Next: 4%
Magic:  6/6        EV:  9    Int: 12    God:    Qazlal [......]
Gold:   154        SH:  3    Dex: 13    Spells: 0 memorised, 5 levels left

rFire  + . .     SeeInvis .       - Unarmed
rCold  . . .     Clarity  .     n - +3 scale mail {rF+}
rNeg   . . .     SustAt   .     s - +0 buckler
rPois  .         Gourm    .     (no helmet)
rElec  .         Spirit   .     (no cloak)
rCorr  .         Warding  .     (no gloves)
rMut   .         Stasis   .     a - +0 pair of boots
MR     .....                    (no amulet)
Stlth  ..........               (no ring)
                                (no ring)

@: very slightly contaminated, invisible, not resistant to hostile enchantments,
extremely unstealthy
A: claws 1, powered by death 1
a: Renounce Religion


You were on level 5 of the Dungeon.
You worshipped Qazlal.
Qazlal was noncommittal.
You were hungry.

You visited 2 branches of the dungeon, and saw 6 of its levels.

You collected 154 gold pieces.

Inventory:

Hand Weapons
 w - a +0 blowgun {@w1}
Missiles
 q - 11 poisoned needles
Armour
 a - a +0 pair of boots (worn)
 n - a +3 scale mail of fire resistance (worn)
 s - a +0 buckler (worn)
Wands
 r - a wand of magic darts (15)
Scrolls
 b - 2 scrolls of remove curse {unknown}
 h - 2 scrolls of noise {unknown}
 i - 4 scrolls of identify {unknown}
 k - a scroll of immolation {unknown}
 l - a scroll of fog {unknown}
 T - a scroll of teleportation {!r, @r4}
Potions
 d - a potion of degeneration {unknown}
 j - 2 potions of lignification {unknown}
 o - a potion of curing {@q1}
 p - a potion of invisibility
 u - 2 potions of cancellation {unknown}
Comestibles
 c - 2 meat rations {@e2}
 e - 3 bread rations {@e1}


   Skills:
 + Level 3.6 Fighting
   Level 3.6 Bows
 + Level 1.3 Armour
 - Level 1.7 Dodging
 - Level 0.8 Stealth
 + Level 0.1 Shields
 * Level 4.2 Unarmed Combat


You had 5 spell levels left.
You didn't know any spells.

Dungeon Overview and Level Annotations

Branches:
Dungeon (5/15)             Temple (1/1) D:4

Altars:
Ashenzari
Cheibriados
Dithmenos
Elyvilon
Fedhas
Gozag
Kikubaaqudgha
Makhleb
Nemelex Xobeh
Okawaru
Qazlal
Ru
Sif Muna
Trog
Vehumet
Xom
Yredelemnul
Zin
The Shining One

Annotations:
D:3 Goblin1989's ghost, amateur DsWn
D:5 Menkaure


Innate Abilities, Weirdness & Mutations

You have sharp fingernails.
You regenerate a little health from kills.


Message History

Unknown command.
You scratch Menkaure.
Menkaure is lightly damaged.
Menkaure barely misses you.
You barely miss Menkaure.
Menkaure is lightly damaged.
Menkaure blazes with dark energy!
Menkaure barely misses you.
You scratch Menkaure.
Menkaure is lightly damaged.
Menkaure hits you!
* * * LOW HITPOINT WARNING * * *
You take 8 damage, and have 3/47 hp.
Unknown command.
You claw Menkaure!
Menkaure is heavily damaged.
You claw Menkaure!
Menkaure is severely damaged.
Menkaure hits you.
You die...

....██....█ ███
..........██...
...............
.............
........(...
..........█
..........██
.......@...█
.......M...█
██.........█
█..██.....█ █.
█.....▲ █
......█ ......█
.......█


You could see Menkaure.

Vanquished Creatures
  An orc priest (D:3)
  2 orc wizards (D:4)
  Terence (D:3)
  A hound skeleton (D:4)
  5 adders
  3 worms
  A giant gecko (D:2)
  14 orcs
  2 giant cockroaches
  10 goblins
  7 hobgoblins
  2 quokkas (D:3)
  6 bats
  4 giant newts
  14 jackals (D:2)
  4 kobolds
  6 rats
83 creatures vanquished.

Notes
Turn   | Place    | Note
--------------------------------------------------------------
     0 | D:1      | Goblin1989 the Demonspawn Hunter began the quest for the Orb.
     0 | D:1      | Reached XP level 1. HP: 16/16 MP: 1/1
   312 | D:1      | Gained mutation: You have sharp fingernails. [demonic ancestry]
   312 | D:1      | Reached XP level 2. HP: 23/23 MP: 2/2
   702 | D:1      | Reached skill level 1 in Unarmed Combat
   925 | D:2      | Reached XP level 3. HP: 28/28 MP: 3/3
  1332 | D:2      | Gained mutation: You regenerate a little health from kills. [demonic ancestry]
  1332 | D:2      | Reached XP level 4. HP: 25/34 MP: 4/4
  1405 | D:2      | Found a shadowy altar of Dithmenos.
  1983 | D:3      | Noticed Goblin1989's ghost (amateur DsWn)
  2191 | D:3      | Noticed Terence
  2754 | D:3      | Killed Terence
  2754 | D:3      | Reached XP level 5. HP: 33/41 MP: 5/5
  3143 | D:4      | Reached skill level 1 in Armour
  3143 | D:4      | Reached skill level 4 in Unarmed Combat
  3183 | D:4      | Found a staircase to the Ecumenical Temple.
  3192 | Temple   | Entered the Ecumenical Temple
  3200 | Temple   | Became a worshipper of Qazlal Stormbringer
  3257 | D:4      | HP: 2/41 [orc/trident (5)]
  3538 | D:4      | Reached XP level 6. HP: 42/47 MP: 6/6
  3947 | D:5      | Entered Level 5 of the Dungeon
  3981 | D:5      | Found a white marble altar of Elyvilon.
  4006 | D:5      | Noticed Menkaure
  4013 | D:5      | Slain by Menkaure

Action                   |  1- 3 |  4- 6 || total
-------------------------+-------+-------++-------
Melee: Unarmed           |    32 |   204 ||   236
       Short sword       |    19 |       ||    19
 Fire: Shortbow          |    85 |     4 ||    89
       Blowgun           |       |    14 ||    14
  Use: Potion            |       |     4 ||     4
       Scroll            |       |     2 ||     2
  Eat: Chunk             |     1 |     8 ||     9

Vault maps used:
D:1:      dpeg_arrival_simpleton_c
D:2:      minmay_misc_feat_room, grunt_dithmenos_smoke
D:3:      first_bread, uniq_crazy_yiuf_cottage, uniq_terence
D:4:      minmay_temple_entry_trees, serial_park_tiny_1
D:5:      elyvilon_altar_5, uniq_menkaure
Temple:   nicolae_temple_no_exploring_needed
